 Dungeon Crawl Stone Soup version 0.29.1-13-g9f3cf754e1 (webtiles) character file.

Game seed: 7308928528783182622

30 KittyFluff the Trooper (level 3, -4/36 HPs)
             Began as a Gargoyle Berserker on Jan 22, 2023.
             Was a Follower of Trog.
             Slain by a gnoll
             ... wielding a +2 halberd of flaming
              (14 damage)
             ... on level 2 of the Dungeon.
             The game lasted 00:05:32 (1804 turns).

KittyFluff the Trooper (Gargoyle Berserker)         Turns: 1804, Time: 00:05:32

Health: -4/36      AC:  6    Str: 20    XL:     3   Next: 20%
Magic:  3/3        EV: 12    Int:  7    God:    Trog [*.....]
Gold:   60         SH:  0    Dex: 11    Spells: 2/2 levels left

rFire   . . .      SeeInvis .   a - +0 mace
rCold   . . .      Faith    .   (no shield)
rNeg    + . .      Spirit   .   b - +0 animal skin
rPois   ∞          Reflect  .   (no helmet)
rElec   +          Harm     .   (no cloak)
rCorr   .          Rampage  .   g - +0 pair of gloves
Will    .....                   (no boots)
Stlth   ..........              (no amulet)
HPRegen 0.12/turn               (no ring)
MPRegen 0.08/turn               (no ring)

@: berserking, very quick
A: sickness immunity, AC +3, negative energy resistance 1, electricity
resistance, torment resistance 1, petrification resistance
a: Renounce Religion, Berserk


You were on level 2 of the Dungeon.
You worshipped Trog.
Trog was aware of your devotion.
You visited 1 branch of the dungeon, and saw 2 of its levels.

You collected 60 gold pieces.

Inventory:

Hand Weapons
 a - a +0 mace (weapon)
Missiles
 d - 23 stones (quivered)
 l - 6 curare-tipped darts
Armour
 b - a +0 animal skin (worn)
 e - a +0 ring mail
 g - a +0 pair of gloves (worn)
 h - a +0 scale mail
Scrolls
 c - a scroll of immolation {unknown}
 j - 3 scrolls of teleportation {unknown}
 n - a scroll of blinking {unknown}
 o - a scroll of enchant weapon {unknown}
 p - a scroll of identify {unknown}
Potions
 f - a potion of brilliance {unknown}
 i - 2 potions of degeneration {unknown}
 k - a potion of mutation {unknown}
 m - a potion of curing {unknown}


   Skills:
 + Level 3.8 Fighting
 + Level 3.4 Maces & Flails
 * Level 2.4 Armour
 + Level 1.9 Dodging
 + Level 0.2 Stealth


You had 2 spell levels left.
You didn't know any spells.
Your spell library was empty.

Dungeon Overview and Level Annotations

Branches:
Dungeon (2/15)

Altars:

Shops:
D:2 =


Innate Abilities, Weirdness & Mutations

You are immune to sickness and miasma.
Your stone body is resilient. (AC +3)
You are immune to poison.
You resist negative energy. (rN+)
You are resistant to electric shocks. (rElec)
You are resistant to unholy torment.
You are immune to petrification.


Message History

The bat is severely wounded.
The bat hits you but does no damage. The bat misses you.
You barely miss the bat.
The bat is severely wounded.
The bat barely misses you. The bat barely misses you.
You hit the bat.
You kill the bat!
Trog accepts your kill.
Found Xyskuset's Jewellery Shoppe.
A gnoll comes into view. It is wielding a +0 halberd.
Found 15 gold pieces.
The gnoll shouts!
You hear a shout!
A gnoll comes into view. It is wielding a +0 flail.
You closely miss the gnoll. The gnoll hits you but does no damage.
You hit the gnoll.
The gnoll is lightly wounded.
The gnoll barely misses you.
You hit the gnoll.
The gnoll is moderately wounded.
The gnoll barely misses you.
You barely miss the gnoll.
The gnoll is moderately wounded.
The gnoll hits you with a +0 flail.
You hit the gnoll.
The gnoll is heavily wounded.
The gnoll hits you but does no damage.
A gnoll comes into view. It is wielding a +2 halberd of flaming.
The gnoll barely misses you.
You barely miss the gnoll.
The gnoll is heavily wounded.
The gnoll closely misses you.
The gnoll hits you from afar with a +2 halberd of flaming!
Ouch! That really hurt!
The gnoll burns you.
* * * LOW HITPOINT WARNING * * *
A red film seems to cover your vision as you go berserk!
You feel yourself moving faster!
You feel mighty! The gnoll closely misses you.
The gnoll hits you from afar with a +2 halberd of flaming!
You die...

#.#.##.#### ####
#...##.#### ###...
#.........# $....
#...##.##.# #.g####
#......##.#
####..g.g#
##..##.....
#...∩...g#
#..##.##.#
#....###g####
#.....##.# ###..
#@....####.......#
#.
#.#.........#######
## #..###.####.# #.
..... #... #.# #.
####.. #......# #.
#.# .......# #. #.
..#.##.# #. ..
####......####. ..
...........


You could see 3 gnolls.

Vanquished Creatures
  A dart slug (D:1)
  2 endoplasms (D:1)
  2 giant cockroaches (D:1)
  4 goblins (D:1)
  A hobgoblin (D:1)
  3 kobolds
  2 quokkas (D:2)
  3 ball pythons (D:1)
  4 bats
  A frilled lizard (D:1)
  2 rats (D:1)
25 creatures vanquished.

Notes
Turn   | Place    | Note
-------+----------+-------------------------------------------
     0 | D:1      | KittyFluff the Gargoyle Berserker began the quest for the
                  | Orb.
     0 | D:1      | Reached XP level 1. HP: 14/14 MP: 1/1
   333 | D:1      | Reached XP level 2. HP: 6/19 MP: 2/2
   753 | D:1      | Found a faded altar of an unknown god.
  1253 | D:1      | Reached XP level 3. HP: 19/24 MP: 3/3
  1786 | D:2      | Found Xyskuset's Jewellery Shoppe.
  1804 | D:2      | Slain by a gnoll

Illustrated notes

Levels and vault maps discovered:
D:1:      dpeg_arrival_rooms_b, layout_loops_corners,
          nicolae_ecumenical_lake_church
D:2:      cheibrodos_helix_gallery, layout_loops_cross, serial_shops,
          nicolae_square_shop, kennysheep_flooded_box

Action                   || total
-------------------------++-------
Melee: Mace              ||    94
Invok: Berserk           ||     1
 Stab: Sleeping          ||     1
Armor: Animal skin       ||    37
Dodge: Dodged            ||    68
